 Dungeon Crawl Stone Soup version 0.31-a0-819-gf6de2f5ab6 (webtiles) character file.

Game seed: 11855730813487460188

352 qw the Shooter (level 6, 0/38 HPs)
             Began as a Gargoyle Hunter on Sept 23, 2023.
             Slain by a hound (4 damage)
             ... on level 5 of the Dungeon.
             The game lasted 00:01:38 (4089 turns).

qw the Shooter (Gargoyle Hunter)                    Turns: 4089, Time: 00:01:39

Health: 0/38       AC: 10    Str: 15    XL:     6   Next: 61%
Magic:  6/6        EV: 11    Int:  9    God:
Gold:   191        SH:  0    Dex: 15    Spells: 5/5 levels left

rFire   . . .        Y - +0 shortbow
rCold   . . .        (shield currently unavailable)
rNeg    + . .        k - +0 ring mail
rPois   inf          l - +0 helmet
rElec   +            (no cloak)
rCorr   .            (no gloves)
SInv    +            (no boots)
Will    .....        (no amulet)
Stlth   +            j - ring of see invisible
HPRegen 0.26/turn    (no ring)
MPRegen 0.10/turn

%: no passive effects
@: no status effects
A: sickness immunity, AC +4, negative energy resistance 1, electricity
resistance, torment resistance 1, petrification resistance
a: no special abilities


You were on level 5 of the Dungeon.
You visited 1 branch of the dungeon, and saw 5 of its levels.

You collected 239 gold pieces.
You spent 48 gold pieces at shops.


Innate Abilities, Weirdness & Mutations

You are immune to sickness and miasma.
Your stone body is resilient. (AC +4)
You are immune to poison.
You resist negative energy. (rN+)
You are resistant to electric shocks. (rElec)
You are resistant to unholy torment.
You are immune to petrification.


   Skills:
 - Level 4.0 Fighting
 + Level 6.8 Ranged Weapons
 - Level 1.1 Armour
 - Level 1.5 Dodging
 - Level 1.1 Stealth


You had 5 spell levels left.
You didn't know any spells.
Your spell library was empty.

Inventory:

Hand Weapons
 Y - a +0 shortbow (weapon)
Armour
 k - a +0 ring mail (worn)
 l - a +0 helmet (worn)
Jewellery
 j - a ring of see invisible (left hand)
Scrolls
 a - a scroll of identify
Potions
 b - a potion of ambrosia {unknown}
 d - a potion of enlightenment {unknown}
 e - a potion of mutation
 f - a potion of haste {unknown}
 g - a potion of curing
 h - a potion of heal wounds {unknown}
 i - a potion of resistance {unknown}

Dungeon Overview and Level Annotations

Branches:
Dungeon (5/15)
 Temple: D:4-7

Altars:
Cheibriados

Shops:
D:2 ?


Message History

The adder bites you but does no damage. The adder barely misses you.
You shoot an arrow. The arrow closely misses the adder.
The adder bites you but does no damage.
You shoot an arrow. The arrow barely misses the adder.
The adder bites you but does no damage. The adder completely misses you.
You shoot an arrow. The arrow hits the adder!
You kill the adder!
You start resting.
A hound comes into view.
You shoot an arrow. The hound barks!
The arrow hits the hound.
The hound is lightly wounded.
You shoot an arrow. The arrow hits the hound.
The hound is moderately wounded.
You shoot an arrow. The arrow barely misses the hound.
The hound bites you but does no damage.
You shoot an arrow. The arrow barely misses the hound.
The hound barely misses you. The hound closely misses you.
You shoot an arrow. The arrow misses the hound.
The hound barely misses you.
You shoot an arrow. The arrow hits the hound.
The hound is moderately wounded.
The hound barely misses you. The hound bites you.
You shoot an arrow. The arrow closely misses the hound.
The hound bites you. The hound bites you but does no damage.
You shoot an arrow. The arrow closely misses the hound.
The hound bites you but does no damage. The hound barely misses you.
You shoot an arrow.
The arrow hits the hound but does no damage.
The hound is moderately wounded.
The hound barely misses you.
You shoot an arrow. The arrow barely misses the hound.
The hound bites you. The hound barely misses you.
You shoot an arrow. The arrow closely misses the hound.
The hound bites you. x2
You shoot an arrow. The arrow hits the hound!
The hound is severely wounded.
The hound bites you.
You die...

#.....#..'...#
#.....#..#...#
+.....#..#...#
#.....#..#...#
#......#..#...#
#......#..##..#
#..###'#
#......#
#....h@#
#......'......
#......#......
#..##..#....#+
#.. #### ...#
+. ...# # ..#
..#


You could see a hound.

Vanquished Creatures
  2 hounds
  A gnoll bouda (D:4)
  An iguana (D:5)
  Robin (D:4)
  4 gnolls
  5 adders
  6 worms
  13 dart slugs
  4 orcs
  5 endoplasms
  3 giant cockroaches
  19 goblins
  8 hobgoblins
  9 jackals (D:3)
  4 kobolds
  A quokka (D:3)
  4 ball pythons
  3 bats
  5 rats
98 creatures vanquished.

Notes
Turn   | Place    | Note
-------+----------+-------------------------------------------
     0 | D:1      | qw the Gargoyle Hunter began the quest for the Orb.
     0 | D:1      | Reached XP level 1. HP: 12/12 MP: 1/1
     0 | D:1      | 0 ||| qw: Version: 0.3-a-83-gcd0e7d8
     0 | D:1      | 0 ||| qw: Game counter: 1402
     0 | D:1      | 0 ||| qw: Melee chars always use a shield: true
     0 | D:1      | 0 ||| qw: God list: Okawaru
     0 | D:1      | 0 ||| qw: Allow faded altars: false
     0 | D:1      | 0 ||| qw: Do Orc after clearing Dungeon:15 true
     0 | D:1      | 0 ||| qw: Do second Lair branch before Depths: true
     0 | D:1      | 0 ||| qw: Lair rune preference: random
     0 | D:1      | 0 ||| qw: Goals: Normal
     0 | D:1      | 0 ||| PLANNING D:1-11
   272 | D:1      | Reached XP level 2. HP: 17/17 MP: 2/2
   475 | D:1      | Reached XP level 3. HP: 15/21 MP: 3/3
   883 | D:1      | 883 ||| READING scroll labelled ITSORY OFELES.
   984 | D:1      | 984 ||| READING scroll labelled KICIUL TIURU.
   985 | D:1      | 985 ||| READING scroll labelled XIRPHUS MEAHO.
   986 | D:1      | 986 ||| READING scroll labelled WIZ QYOGA ANUC.
   987 | D:1      | 987 ||| DRINKING 2 white potions.
   988 | D:1      | 988 ||| DROPPING scroll of butterflies.
   989 | D:1      | 989 ||| DROPPING potion of magic.
  1011 | D:2      | Reached skill level 5 in Ranged Weapons
  1149 | D:2      | Found Miqa's Magic Scroll Boutique.
  1157 | D:2      | 1157 ||| SHOPLISTING scroll of enchant armour (90 gold,
                  | have 59).
  1157 | D:2      | 1157 ||| BUYING scroll of identify (24 gold).
  1157 | D:2      | Bought a scroll of identify for 24 gold pieces
  1157 | D:2      | 1157 ||| BUYING scroll of identify (24 gold).
  1157 | D:2      | Bought a scroll of identify for 24 gold pieces
  1157 | D:2      | 1157 ||| SHOPLISTING scroll of teleportation (36 gold, have
                  | 11).
  1215 | D:2      | Reached skill level 3 in Fighting
  1295 | D:2      | Reached XP level 4. HP: 28/28 MP: 4/4
  1592 | D:2      | Found a faded altar of an unknown god.
  1690 | D:2      | 1690 ||| READING scroll labelled KENOYT KOT LOKH.
  1691 | D:2      | 1691 ||| READING scroll labelled SUMPU YCOYN.
  1692 | D:2      | 1692 ||| DRINKING 2 lumpy coppery potions.
  1693 | D:2      | 1693 ||| READING 4 scrolls of identify.
  1693 | D:2      | 1693 ||| IDENTIFYING pink potion
  1694 | D:2      | 1694 ||| READING 3 scrolls of identify.
  1694 | D:2      | 1694 ||| IDENTIFYING glowing grey potion
  1695 | D:2      | 1695 ||| READING 2 scrolls of identify.
  1695 | D:2      | 1695 ||| IDENTIFYING grey potion
  1696 | D:2      | 1696 ||| DROPPING potion of brilliance.
  1697 | D:2      | 1697 ||| DROPPING potion of degeneration.
  1785 | D:3      | 1785 ||| STAIRDANCE
  1796 | D:2      | 1796 ||| READING scroll labelled VOXTIAVVATI.
  1849 | D:3      | 1849 ||| FLEEEEING.
  2073 | D:3      | Reached XP level 5. HP: 32/32 MP: 5/5
  2266 | D:3      | Found a snail-covered altar of Cheibriados.
  2409 | D:3      | HP: 6/32 [gnoll/+0 club (3)]
  2411 | D:3      | Reached skill level 6 in Ranged Weapons
  2417 | D:3      | HP: 3/32 [gnoll/+0 spear (2)]
  2423 | D:3      | HP: 1/32 [gnoll/+0 spear (3)]
  2908 | D:3      | 2908 ||| UPGRADING to ring of see invisible.
  2909 | D:3      | 2909 ||| DRINKING 3 fizzy brown potions.
  3014 | D:3      | 3014 ||| DROPPING 2 potions of berserk rage.
  3181 | D:4      | Reached XP level 6. HP: 26/38 MP: 6/6
  3184 | D:4      | 3184 ||| FLEEEEING.
  3185 | D:4      | 3185 ||| FLEEEEING.
  3195 | D:4      | 3195 ||| STAIRDANCE
  3431 | D:4      | Noticed Robin
  3463 | D:4      | Killed Robin
  3972 | D:4      | 3972 ||| UPGRADING to +0 ring mail.
  3982 | D:4      | 3982 ||| DROPPING +0 leather armour.
  3983 | D:4      | 3983 ||| UPGRADING to +0 helmet.
  4006 | D:5      | Entered Level 5 of the Dungeon
  4017 | D:5      | Reached skill level 1 in Armour
  4087 | D:5      | HP: 8/38 [hound (4)]
  4088 | D:5      | HP: 3/38 [hound (2)]
  4089 | D:5      | Slain by a hound

Levels and vault maps discovered:
D:1:      minmay_arrival_shoal_huts, layout_loops_corners
D:2:      layout_loops_ring, basic_ecumenical_altar, serial_shops, shop,
          dk_vineyard_1, uniq_crazy_yiuf_cottage
D:3:      kennysheep_slugbush, layout_basic, marbit_many_paths,
          serial_park_tiny_pond, grunt_decor_junction, kennysheep_path_1
D:4:      layout_basic, serial_bayou, serial_bayou_shore_b, serial_bayou_pond_c,
          serial_bayou_shore_b, serial_bayou_crossing, serial_bayou_pond_d,
          minmay_bisected, uniq_robin
D:5:      layout_gridville, gammafunk_ghost_grave, minmay_stone_trees_small

Skill      XL: |  1  2  3  4  5  6 |
---------------+-------------------+-----
Ranged Weapons | 5 6 |  6.8
Fighting       | 3 4 |  4.0
Armour         | 1 |  1.1
Dodging        | |  1.5
Stealth        | |  1.1

Action                     |  1- 3 |  4- 6 || total
---------------------------+-------+-------++-------
   Fire: Shortbow          |   111 |   308 ||   419
    Use: Scroll            |     4 |     6 ||    10
         Potion            |     1 |     2 ||     3
 Armour: Leather armour    |    15 |   158 ||   173
         Ring mail         |       |    31 ||    31
  Dodge: Dodged            |    23 |   127 ||   150

Table legend:
 A = Non-vault XP
 B = Vault XP
 C = Vault XP percentage of total XP
 D = Non-vault monster count
 E = Vault monster count
 F = Vault count percentage of total count
                 A         B        C        D         E       F
            +---------+---------+-------+---------+---------+-------
      Total |     367 |     136 |  27.0 |      70 |      28 |  28.6
            +---------+---------+-------+---------+---------+-------
        D:1 |      37 |       0 |   0.0 |      14 |       0 |   0.0
        D:2 |      59 |       0 |   0.0 |      20 |       0 |   0.0
        D:3 |      98 |      42 |  30.0 |      21 |      11 |  34.4
        D:4 |      79 |      94 |  54.3 |      11 |      17 |  60.7
        D:5 |      94 |       0 |   0.0 |       4 |       0 |   0.0
            +---------+---------+-------+---------+---------+-------
